[Event "Early-Titled-Tuesday-Blitz-July-09-2024"]
[Site "Chess.com"]
[Date "2024.07.09"]
[Round "6"]
[White "KhamzinOlzhas"]
[Black "FREDERICKtheMATE"]
[Result "0-1"]
[WhiteElo "2569"]
[BlackElo "2745"]
[TimeControl "180+1"]
[EndTime "9:08:32 PDT"]
[Termination "FREDERICKtheMATE won by checkmate"]

1. d4 Nf6 2. c4 e6 3. Nc3 d5 4.
cxd5 exd5 5. Bg5 c6 6. e3 Be7 7. Bd3 Nbd7 8. h3 Nb6 9. Nf3 Nh5 10. Bxe7 Qxe7 11. O-O O-O 12. Ne5 g6 13. Qc2 Ng7 14.
Rae1 f6 15. Nf3 Bf5 16. e4 dxe4 17. Nxe4 Bxe4 18. Bxe4 Qf7 19. b3 Rad8 20. Bd3 Rfe8 21. Rd1 Ne6 22. Bc4 Nxc4 23. bxc4 Nf4 24. Rfe1 g5 25. Qf5 Kg7 26. h4 h6 27. g3 Qh5 28. g4 Qf7 29. Re3 Qxc4 30. Rxe8 Rxe8 31. hxg5 hxg5 32. d5 Qe2 33. Qd7+ Re7 34. Qxe7+ Qxe7 35. d6 Qd7 36. Nd4 Qxg4+ 37. Kf1 Qxd1# 0-1

[Event "Early-Titled-Tuesday-Blitz-July-09-2024"]
[Site "Chess.com"]
[Date "2024.07.09"]
[Round "6"]
[White "KhBegmuratov"]
[Black "vi_pranav"]
[Result "1-0"]
[WhiteElo "2916"]
[BlackElo "3011"]
[TimeControl "180+1"]
[EndTime "9:08:33 PDT"]
[Termination "KhBegmuratov won by resignation"]

1. e4 e5 2. Nf3 Nc6 3. Bc4 Nf6 4. d3 h6 5. O-O d6 6. Re1 g5 7. Nc3 Bg7 8. a4 O-O 9. Nd5 Be6 10. Nxf6+ Qxf6 11. Be3 Ne7 12. Nd2 d5 13. exd5 Nxd5 14. Bc5 Rfe8 15. Qf3 Qxf3 16. Nxf3 b6 17. Ba3 Nf4 18. Bb5 Bd5 19. Bxe8 Rxe8 20. Bb4 Nxg2 21. Kxg2 g4 22.
Kg1 gxf3 23. Kh1 Kh7 24. Bc3 f6 25. a5 Bf8 26. axb6 axb6 27. Ra7 Bd6 28. Bd2 Be6 29. Ra4 Bh3 30. Rh4 Bg2+ 31. Kg1 Bf8 32. Ra1 f5 33.
Ra7 Re7 34. Rc4 c5 35. Rxe7+ Bxe7 36. Ra4 Kg6 37. Ra6 Bd8 38. Ba5 Bg5 39. Bxb6 e4 40. Bxc5+ Kh5 41. dxe4 fxe4 42. Be3 Bxe3 43. fxe3 Kg4 44.
Rxh6 1-0

[Event "Early-Titled-Tuesday-Blitz-July-09-2024"]
[Site "Chess.com"]
[Date "2024.07.09"]
[Round "6"]
[White "mapleaff"]
[Black "Likvidator228"]
[Result "0-1"]
[WhiteElo "2353"]
[BlackElo "2561"]
[TimeControl "180+1"]
[EndTime "9:08:34 PDT"]
[Termination "Likvidator228 won on time"]

1. d4 Nf6 2. Bf4 g6 3. Nc3 d5 4.
e3 c6 5. h4 Bg7 6. h5 Nxh5 7.
Rxh5 gxh5 8. Qxh5 Nd7 9. Nf3 Nf6 10. Qg5 Rg8 11. Ne5 h6 12. Qh4 Bf5 13. g4 Bxc2 14.
Rc1 Bh7 15. Bxh6 Bxh6 16. Qxh6 Bg6 17. g5 Nd7 18. Nxg6 Rxg6 19. Qh8+ Nf8 20. f4 Qd6 21. Bd3 Re6 22. Kd2 O-O-O 23. Bf5 Kc7 24. Bxe6 Nxe6 25.
Qe5 Qxe5 26. dxe5 Kd7 27. Rh1 Rg8 28. Rh7 Rg7 29. Rxg7 Nxg7 30. e4 e6 31. Ke3 dxe4 32. Kxe4 Nf5 33. Ne2 c5 34. b3 Kc6 35. Nc3 b5 36. Kf3 c4 37. bxc4 bxc4 38. Kg4 Kc5 39. g6 fxg6 40. Kg5 Ne7 41. Ne4+ Kd4 42. Nd2 Nd5 43. Kxg6 Nxf4+ 44. Kf6 c3 45. Nb3+ Kc4 46. Kg5 Nd5 47. Kg6 c2 48. Kf7 Nf4 49. Kf6 Kc3 50.
Kg5 Nd5 51. Kg6 a5 52. Kf7 Nf4 53. Nxa5 c1=Q 0-1

[Event "Early-Titled-Tuesday-Blitz-July-09-2024"]
[Site "Chess.com"]
[Date "2024.07.09"]
[Round "6"]
[White "DawidCzerw"]
[Black "JJDAREK"]
[Result "1-0"]
[WhiteElo "2496"]
[BlackElo "2350"]
[TimeControl "180+1"]
[EndTime "9:08:34 PDT"]
[Termination "DawidCzerw won on time"]

1. e4 d6 2. Nc3 g6 3. d4 Bg7 4. f4 a6 5. a4 Nc6 6. Nf3 Bg4 7. d5 Nd4 8. Be2 Bxf3 9. Bxf3 b5 10. O-O b4 11. Ne2 Nxf3+ 12. Rxf3 a5 13. Nd4 Nf6 14.
Nc6 Qd7 15. Qd3 O-O 16. c4 bxc3 17. bxc3 e6 18. Rb1 exd5 19. exd5 Rfe8 20. Bd2 Ne4 21.
c4 Nxd2 22. Qxd2 Qf5 23. Rb7 Qd7 24. h3 h5 25. f5 Kh7 26. Rb1 Re4 27. Qd3 Rae8 28.
Rbf1 Re1 29. Kh2 Rxf1 30. Rxf1 Be5+ 31. Kh1 1-0

[Event "Early-Titled-Tuesday-Blitz-July-09-2024"]
[Site "Chess.com"]
[Date "2024.07.09"]
[Round "6"]
[White "DarkPassenger007"]
[Black "GM_Huschenbeth"]
[Result "0-1"]
[WhiteElo "2351"]
[BlackElo "2519"]
[TimeControl "180+1"]
[EndTime "9:08:35 PDT"]
[Termination "GM_Huschenbeth won on time"]

1. e4 c5 2. Nf3 d6 3. d4 cxd4 4. Nxd4 Nf6 5. Nc3 a6 6. h3 g6 7. Be3 Bg7 8. Qd2 Nc6 9. O-O-O Bd7 10. g4 Rc8 11. Kb1 O-O 12. f3 Ne5 13. h4 Nc4 14.
Bxc4 Rxc4 15. h5 b5 16. hxg6 fxg6 17. Bh6 b4 18. Nce2 Rf7 19. Bxg7 Rxg7 20. Nf4 Qc8 21. Nd5 Nxd5 22. exd5 a5 23. Rde1 a4 24. b3 Rc3 25.
Qg5 Qf8 26. Ne6 Bxe6 27. Rxe6 a3 28. f4 Rf3 29. Rhe1 Rxf4 30. Rxe7 Rxe7 0-1

[Event "Early-Titled-Tuesday-Blitz-July-09-2024"]
[Site "Chess.com"]
[Date "2024.07.09"]
[Round "6"]
[White "Chernov_Alexander_A"]
[Black "LileKoridze"]
[Result "1/2-1/2"]
[WhiteElo "2270"]
[BlackElo "2411"]
[TimeControl "180+1"]
[EndTime "9:08:35 PDT"]
[Termination "Game drawn by repetition"]

1. d4 Nf6 2. Nf3 d5 3. Bg5 e6 4. c4 Be7 5. Nc3 O-O 6. e3 c5 7.
cxd5 cxd4 8. Qxd4 Nxd5 9. Bxe7 Nxe7 10. Be2 Nbc6 11. Qxd8 Rxd8 12. Rd1 Bd7 13. O-O a6 14. Rd2 Be8 15. Rfd1 Kf8 16. Kf1 f6 17. Bc4 Bf7 18. a3 e5 19. Bxf7 Kxf7 20. Ne4 Rab8 21. Ke2 h6 22. g4 g6 23. Nd6+ Ke6 24. Ne4 b6 25. Rd6+ Rxd6 26. Rxd6+ Kf7 27. Rxf6+ Kg7 28. Rd6 Kf7 29. h4 Rc8 30. Nfd2 Rc7 31. f4 exf4 32. exf4 Nc8 33. Rd3 Re7 34. Kf3 Rc7 35. Nd6+ Nxd6 36. Rxd6 Ne7 37. Ne4 b5 38. Rxa6 Rc2 39. b4 Nd5 40.
Ra7+ Ke6 41. Rb7 Rc1 42. Rxb5 Rf1+ 43. Kg3 Nxf4 44. Nc5+ Kd6 45. Rb6+ Kd5 46. a4 g5 47.
hxg5 hxg5 48. a5 Rg1+ 49. Kf3 Rf1+ 50. Kg3 Rg1+ 51. Kf3 Rf1+ 52. Kg3 1/2-1/2

[Event "Early-Titled-Tuesday-Blitz-July-09-2024"]
[Site "Chess.com"]
[Date "2024.07.09"]
[Round "6"]
[White "Hikaru"]
[Black "Rakhmanov_Aleksandr"]
[Result "1-0"]
[WhiteElo "3220"]
[BlackElo "2860"]
[TimeControl "180+1"]
[EndTime "9:08:36 PDT"]
[Termination "Hikaru won on time"]

1. Nf3 Nf6 2. b3 g6 3. Bb2 Bg7 4. d4 d5 5. e3 c6 6. c4 Bg4 7.
Nbd2 O-O 8. Bd3 e6 9. h3 Bxf3 10. Nxf3 Nbd7 11. Qc2 Re8 12. O-O Qe7 13. Rfd1 a6 14.
a3 Rac8 15. b4 Nh5 16. Qb3 f5 17. a4 Nhf6 18. b5 axb5 19. axb5 Ne4 20. Ra7 Rb8 21. Qa2 Qd8 22. Rc1 Re7 23. Ba3 Rf7 24. Bb4 g5 25. Ba5 Qf6 26. Bc7 Rc8 27. Rxb7 g4 28.
hxg4 fxg4 29. Bxe4 dxe4 30. Ne5 Nxe5 31. Bxe5 Qh4 32. Rxf7 Bxe5 33. dxe5 Kxf7 34. g3 Qe7 35. b6 Qc5 36. Qa7+ Kg6 37. b7 Qxa7 38. bxc8=Q 1-0

[Event "Early-Titled-Tuesday-Blitz-July-09-2024"]
[Site "Chess.com"]
[Date "2024.07.09"]
[Round "6"]
[White "Goryachkina"]
[Black "IMGC"]
[Result "1-0"]
[WhiteElo "2676"]
[BlackElo "2461"]
[TimeControl "180+1"]
[EndTime "9:08:36 PDT"]
[Termination "Goryachkina won by resignation"]

1. e4 c5 2. Nf3 e6 3. d4 cxd4 4. Nxd4 Nf6 5. Nc3 d6 6. g4 h6 7. h4 Nc6 8. Rg1 h5 9. g5 Ng4 10. Be2 Qb6 11. Bxg4 hxg4 12. Nxc6 bxc6 13. Qxg4 g6 14.
e5 d5 15. Na4 Qa5+ 16. Bd2 Qc7 17. O-O-O Rb8 18. h5 Rxh5 19. Rh1 Rxh1 20. Rxh1 Qxe5 21. Bc3 d4 22. Qxd4 Qxd4 23. Bxd4 Rb4 24. Bc5 Rxa4 25. Rh8 Rf4 26. Rxf8+ Kd7 27. Bxa7 Ba6 28. Be3 Rf5 29.
a4 Ke7 30. Ra8 Bf1 31. a5 Kd7 32. b4 Rb5 33. c3 Rd5 34. a6 Be2 35. a7 Rd1+ 36.
Kc2 Ra1 37. Rf8 Bd1+ 38. Kb2 1-0

[Event "Early-Titled-Tuesday-Blitz-July-09-2024"]
[Site "Chess.com"]
[Date "2024.07.09"]
[Round "6"]
[White "anderson2361"]
[Black "Aslanov_Umid"]
[Result "0-1"]
[WhiteElo "2200"]
[BlackElo "2637"]
[TimeControl "180+1"]
[EndTime "9:08:37 PDT"]
[Termination "Aslanov_Umid won by resignation"]

1. c4 e6 2. Nf3 d5 3. g3 Nf6 4. Bg2 dxc4 5. Qa4+ Bd7 6. Qxc4 c5 7. Ne5 Qc8 8. Nxd7 Nfxd7 9. O-O Nc6 10. Nc3 Be7 11.
b3 O-O 12. Bb2 Nde5 13. Qe4 Rd8 14. d3 Qd7 15. Rac1 Rac8 16. Rfd1 b6 17. f4 Ng4 18.
Qf3 h5 19. h3 Nd4 20. Qb7 Ne3 21. Qxd7 Rxd7 22. Rd2 c4 23. bxc4 Bb4 24. Kf2 Ndf5 25. Nb1 Nxc4 26. Rdd1 Bc5+ 27. Kf3 Nxb2 28. Rf1 Na4 29.
Nc3 Nxc3 30. Rxc3 Nd4+ 31. Ke4 Nxe2 32. Rc2 Nxg3+ 0-1

[Event "Early-Titled-Tuesday-Blitz-July-09-2024"]
[Site "Chess.com"]
[Date "2024.07.09"]
[Round "6"]
[White "Dreamer_01"]
[Black "osielchesslover2011"]
[Result "1-0"]
[WhiteElo "2447"]
[BlackElo "2199"]
[TimeControl "180+1"]
[EndTime "9:08:39 PDT"]
[Termination "Dreamer_01 won on time"]

1. c4 e5 2. Nc3 Nf6 3. Nf3 Nc6 4. d3 Bc5 5. g3 d6 6. Bg2 h5 7. Bg5 Be6 8. a3 a5 9. Ne4 Bb6 10. O-O d5 11. cxd5 Bxd5 12. Nfd2 h4 13. Nxf6+ gxf6 14. Bxh4 Bxg2 15. Kxg2 Qd5+ 16. f3 f5 17. Nc4 Bd4 18. e4 Qe6 19. Qb3 Kd7 20. Qb5 fxe4 21. dxe4 Rag8 22. Kh1 Rxh4 23. gxh4 Qh3 24. Nxe5+ 1-0

[Event "Early-Titled-Tuesday-Blitz-July-09-2024"]
[Site "Chess.com"]
[Date "2024.07.09"]
[Round "6"]
[White "Redbandit87"]
[Black "MANOJ_MISHRA123"]
[Result "1-0"]
[WhiteElo "2412"]
[BlackElo "2254"]
[TimeControl "180+1"]
[EndTime "9:08:39 PDT"]
[Termination "Redbandit87 won on time"]

1. e4 Nf6 2. Nc3 d5 3. e5 d4 4. Nce2 Ng4 5. f4 h5 6. h3 Nh6 7. Nf3 Nc6 8. d3 Nf5 9. c3 e6 10. cxd4 Bb4+ 11. Kf2 Ncxd4 12. Nexd4 Nxd4 13. Be3 Nc6 14. d4 Bd7 15. a3 Ba5 16. b4 Bb6 17. Bd3 Ne7 18. Be4 Bc6 19. Qd3 Nd5 20. Rac1 Nxe3 21. Kxe3 Bxe4 22. Qxe4 c6 23. g4 hxg4 24. hxg4 Ke7 25.
f5 Qd5 26. Qxd5 cxd5 27. a4 a5 28. b5 Rac8 29. Rxc8 Rxc8 30. Rh7 Rc3+ 31. Kf4 Rxf3+ 32. Kxf3 Bxd4 33. Kf4 exf5 34. gxf5 Kf8 35. Rh8+ Ke7 36. Rb8 b6 37. Rb7+ Ke8 38. e6 fxe6 39. fxe6 Bf6 40. Rxb6 Ke7 41. Ra6 Bc3 42. Kf5 d4 43. Ke4 g5 44. b6 1-0

[Event "Early-Titled-Tuesday-Blitz-July-09-2024"]
[Site "Chess.com"]
[Date "2024.07.09"]
[Round "6"]
[White "Twinstulle"]
[Black "NowInChess"]
[Result "1-0"]
[WhiteElo "2389"]
[BlackElo "2198"]
[TimeControl "180+1"]
[EndTime "9:08:39 PDT"]
[Termination "Twinstulle won on time"]

1. Nf3 Nf6 2. g3 g6 3. Bg2 Bg7 4. c4 O-O 5. O-O d6 6. Nc3 e5 7. d3 Nc6 8. Rb1 Nh5 9. b4 f5 10. b5 Ne7 11. Qb3 Kh8 12. a4 Be6 13. Ba3 b6 14.
Ng5 Bg8 15. Bxa8 Qxa8 16. e4 h6 17. Nh3 g5 18. f3 f4 19. g4 Qc8 20. Nf2 Nf6 21. Nd5 Ng6 22. Qd1 Nh4 23. h3 Qd7 24. a5 Qf7 25. axb6 axb6 26. Ra1 h5 27.
Bb4 hxg4 28. fxg4 Nxd5 29. cxd5 f3 30. Bd2 Bh6 31. Ra7 Ng2 32. Qc1 Qe7 33. Qxc7 Qf6 34. Rc1 Nf4 35. Qe7 Ne2+ 36. Kh2 Nxc1 37. Qxf6+ Rxf6 38.
Bxc1 Rf8 39. Be3 Rc8 40. Kg3 Rc3 41. Kxf3 Rxd3 42. Nxd3 1-0

[Event "Early-Titled-Tuesday-Blitz-July-09-2024"]
[Site "Chess.com"]
[Date "2024.07.09"]
[Round "6"]
[White "masterofpuppets2"]
[Black "chipmunknau"]
[Result "0-1"]
[WhiteElo "2468"]
[BlackElo "2702"]
[TimeControl "180+1"]
[EndTime "9:08:40 PDT"]
[Termination "chipmunknau won by resignation"]

1. d4 Nf6 2. c4 e6 3. Nf3 c5 4.
d5 exd5 5. cxd5 d6 6. Nc3 g6 7.
h3 Bg7 8. e4 O-O 9. Be3 Re8 10.
Nd2 a6 11. a4 Nxe4 12. Ncxe4 f5 13. Bd3 fxe4 14. Nxe4 Bf5 15. Nc3 Rxe3+ 16. fxe3 Qh4+ 17. Kd2 Bxd3 18. Kxd3 Nd7 19. Kc2 Ne5 20. Qe2 Qb4 21. Ra3 c4 22. Rb1 Re8 23. a5 Nd3 24. Na2 Qc5 25.
Qd2 Rxe3 26. Ra4 Re4 27. Nc1 Nf4 28. Qb4 Qf2+ 29. Qd2 Qg3 30. Ra3 Qg5 31. g3 Qf5 32. Kd1 Nxd5 33. g4 Qe6 34. Ne2 Ne3+ 35. Kc1 d5 36. Rxe3 Rxe3 37. Nf4 Re1+ 38. Kc2 Qe4+ 0-1

[Event "Early-Titled-Tuesday-Blitz-July-09-2024"]
[Site "Chess.com"]
[Date "2024.07.09"]
[Round "6"]
[White "shimastream"]
[Black "brm72"]
[Result "1-0"]
[WhiteElo "2905"]
[BlackElo "2674"]
[TimeControl "180+1"]
[EndTime "9:08:41 PDT"]
[Termination "shimastream won on time"]

1. e4 c6 2. Nf3 d5 3. d3 dxe4 4.
dxe4 Qxd1+ 5. Kxd1 f6 6. Be3 e5 7. Nfd2 Be6 8. Bc4 Kf7 9. a4 Nd7 10. a5 Bc5 11. Ke2 Ne7 12. Nc3 Rhd8 13. Rhb1 b5 14.
Bxe6+ Kxe6 15. a6 Bxe3 16. Kxe3 Ng6 17. Nb3 Kd6 18. Na2 Ne7 19. Nb4 Kc7 20. Rd1 Nf8 21.
Nc5 Rxd1 22. Rxd1 Rd8 23. Rd3 Rxd3+ 24. cxd3 Kd6 25. d4 Nd7 26. Nbd3 exd4+ 27. Kxd4 Nxc5 28. Nxc5 Ng6 29. b4 Nf4 30. g3 Ne2+ 31. Kd3 Nc1+ 32. Kc2 Na2 33. Kb3 Nc1+ 34. Kb2 Ne2 35. Kc2 Nd4+ 36.
Kd3 Nf3 37. h4 Ne5+ 38. Kd4 Nf3+ 39. Ke3 Ne5 40. f4 Nc4+ 41. Kd4 Nb6 42. h5 g6 43. h6 Nc8 44. e5+ fxe5+ 45. fxe5+ Ke7 46. Ne4 Nb6 47. Ng5 1-0

[Event "Early-Titled-Tuesday-Blitz-July-09-2024"]
[Site "Chess.com"]
[Date "2024.07.09"]
[Round "6"]
[White "ValeriyGrinev"]
[Black "SuanTiltado"]
[Result "1-0"]
[WhiteElo "2661"]
[BlackElo "2382"]
[TimeControl "180+1"]
[EndTime "9:08:41 PDT"]
[Termination "ValeriyGrinev won on time"]

1. d4 d5 2. c4 e6 3. Nf3 Nf6 4.
e3 a6 5. Nbd2 dxc4 6. Bxc4 b5 7.
Bd3 Bb7 8. Qe2 Nbd7 9. O-O c5 10. b3 cxd4 11. Nxd4 Ne5 12. Bxb5+ Ned7 13. Bd3 Nc5 14. Bc4 Bd6 15. Bb2 O-O 16. Rfd1 Qc7 17. h3 a5 18. Nb5 Qc6 19. Nf3 Be7 20. Rac1 Rfd8 21. Qf1 a4 22. Ne5 Qb6 23. b4 Nce4 24. Bd4 Rxd4 25.
Rxd4 Bxb4 26. Nd7 Nxd7 27. Rxd7 Bc6 28. Rd4 Nd2 29. Qd3 Bc5 30. Qxd2 Bxb5 31. Rb1 Bxd4 32. Rxb5 Bxe3 33. Qxe3 Qc6 34. Qc5 Qe4 35. Bf1 g6 36.
Rb4 Qf5 37. Qxf5 gxf5 38. a3 1-0

[Event "Early-Titled-Tuesday-Blitz-July-09-2024"]
[Site "Chess.com"]
[Date "2024.07.09"]
[Round "6"]
[White "maurovargas01"]
[Black "Sofia_Blokhin"]
[Result "0-1"]
[WhiteElo "1961"]
[BlackElo "2192"]
[TimeControl "180+1"]
[EndTime "9:08:41 PDT"]
[Termination "Sofia_Blokhin won by checkmate"]

1. e4 c5 2. Nc3 e6 3. f4 a6 4. Nf3 Nc6 5. d3 g6 6. g4 Bg7 7. Bg2 Nge7 8. O-O d5 9. e5 O-O 10. Qe1 b5 11. Nd1 Bb7 12. c3 d4 13. c4 bxc4 14.
dxc4 Rb8 15. b3 Nb4 16. Rf2 Nd3 17. Qf1 Nxf2 18. Qxf2 f6 19. exf6 Bxf6 20. g5 Bg7 21. Qh4 Nf5 22. Qh3 d3 23. Rb1 Nd4 24. Nf2 Ne2+ 25.
Kh1 Nxf4 26. Bxf4 Rxf4 27. Qxe6+ Kh8 28. Qh3 Qf8 29. Nh4 Bxg2+ 30. Kxg2 Rxf2+ 31. Kg1 Kg8 32. Qe6+ Qf7 33. Qh3 Rc2 34. Rf1 Bd4+ 35. Kh1 Qb7+ 36. Ng2 Re8 37. Qxd3 Qxg2# 0-1

[Event "Early-Titled-Tuesday-Blitz-July-09-2024"]
[Site "Chess.com"]
[Date "2024.07.09"]
[Round "6"]
[White "adreyd"]
[Black "wannabe2700"]
[Result "0-1"]
[WhiteElo "2416"]
[BlackElo "2545"]
[TimeControl "180+1"]
[EndTime "9:08:43 PDT"]
[Termination "wannabe2700 won on time"]

1. d4 Nf6 2. Nf3 c5 3. d5 e6 4. c4 exd5 5. cxd5 d6 6. Nc3 g6 7. Bf4 a6 8. a4 Bg7 9. h3 O-O 10. e3 Re8 11. Be2 Ne4 12. Qc2 Bf5 13. Bd3 Qa5 14.
O-O Nxc3 15. bxc3 Bxd3 16. Qxd3 Qxc3 17. Qxc3 Bxc3 18. Rab1 Bb4 19. Bxd6 b5 20. axb5 axb5 21. Ne5 Bc3 22. Nc6 Nxc6 23. dxc6 Bb4 24. Rfc1 Ba3 25.
Rc2 Ra6 26. Rxb5 Rxc6 27. Rb3 Ra8 28. Be7 Rc7 29. Bd6 Rc6 30. Be7 Ra7 0-1

[Event "Early-Titled-Tuesday-Blitz-July-09-2024"]
[Site "Chess.com"]
[Date "2024.07.09"]
[Round "6"]
[White "lildoggo2007"]
[Black "LunaTheTuna2013"]
[Result "1-0"]
[WhiteElo "2414"]
[BlackElo "2058"]
[TimeControl "180+1"]
[EndTime "9:08:43 PDT"]
[Termination "lildoggo2007 won by resignation"]

1. e4 e6 2. d4 d5 3. Nc3 Nf6 4.
e5 Nfd7 5. f4 c5 6. Nf3 Nc6 7. Be3 Be7 8. Qd2 O-O 9. Be2 Qa5 10.
O-O cxd4 11. Nxd4 Nxd4 12. Bxd4 Bc5 13. a3 Qb6 14. Bxc5 Qxc5+ 15. Kh1 Nb6 16. b4 Qc7 17. Nb5 Qc6 18. Nd6 Bd7 19. Rac1 Na4 20. c4 dxc4 21. Bxc4 Qb6 22. Bb3 Rfd8 23. f5 Bb5 24. fxe6 Bxf1 25. exf7+ Kf8 26. Rxf1 Qc6 27. Qd3 g6 28. Qe3 Kg7 29. Bxa4 Qxa4 30. e6 Rxd6 31. e7 Rf6 32. Qe5 Qc6 33. Qxf6+ Qxf6 34. Rxf6 Kxf6 35. f8=Q+ 1-0

[Event "Early-Titled-Tuesday-Blitz-July-09-2024"]
[Site "Chess.com"]
[Date "2024.07.09"]
[Round "6"]
[White "Bauman_Guy"]
[Black "RandomNoob04"]
[Result "0-1"]
[WhiteElo "2946"]
[BlackElo "2776"]
[TimeControl "180+1"]
[EndTime "9:08:44 PDT"]
[Termination "RandomNoob04 won by checkmate"]

1. e4 d5 2. exd5 Qxd5 3. Nc3 Qa5 4. d4 Nf6 5. Nf3 Bf5 6. g3 e6 7. Bg2 Ne4 8. Bd2 Nxd2 9. Qxd2 Bb4 10. O-O c6 11.
Nh4 Bg6 12. Nxg6 hxg6 13. Rfe1 O-O 14. Re3 Rd8 15. a3 Bc5 16. Rd3 Be7 17. Rd1 Na6 18. Qe2 Rd7 19. h4 Rad8 20. Ne4 Qb6 21. c3 Qb5 22. Bh3 c5 23. h5 c4 24. Re3 Qxh5 25.
Bg4 Qb5 26. a4 Qxa4 27. Nd2 b5 28. Kg2 Nc7 29. Rh1 Qc2 30. Qe1 Qxb2 31. Nf3 Nd5 32.
Rxe6 Qxc3 33. Qg1 f5 34. Ne5 fxg4 35. Qh2 Ne3+ 36. fxe3 Qd2+ 37. Kf1 Rf8+ 38. Kg1 Qe1+ 39. Kg2 Rf2# 0-1

[Event "Early-Titled-Tuesday-Blitz-July-09-2024"]
[Site "Chess.com"]
[Date "2024.07.09"]
[Round "6"]
[White "AlainBruxelles"]
[Black "wild3000"]
[Result "0-1"]
[WhiteElo "2270"]
[BlackElo "2462"]
[TimeControl "180+1"]
[EndTime "9:08:44 PDT"]
[Termination "wild3000 won on time"]

1. Nf3 a6 2. g3 b5 3. Bg2 Bb7 4. O-O e6 5. d3 Nf6 6. Nbd2 d5 7. c4 Be7 8. Ne5 O-O 9. b3 Nbd7 10. Ndf3 c5 11. Bb2 bxc4 12. bxc4 d4 13. Nxd7 Nxd7 14. e3 e5 15. e4 Rb8 16. Rb1 Bc6 17. Qe2 Qa5 18.
Ba1 Qa3 19. h4 h6 20. g4 Bd6 21. Rxb8 Rxb8 22. Ne1 Rb1 23. Nc2 Qxa2 24. Rxb1 Qxb1+ 25. Kh2 Ba4 26. Ne1 Qd1 27. Qxd1 Bxd1 28. Bb2 Bxg4 29. Kg3 Bd1 30. Bh3 Nf6 31. Bc8 a5 32. Ba3 Kf8 33. f3 Nh5+ 34. Kf2 Nf4 35. Ba6 Be7 36. h5 Nxh5 0-1

[Event "Early-Titled-Tuesday-Blitz-July-09-2024"]
[Site "Chess.com"]
[Date "2024.07.09"]
[Round "6"]
[White "english_player_89"]
[Black "j_coca"]
[Result "0-1"]
[WhiteElo "2516"]
[BlackElo "2424"]
[TimeControl "180+1"]
[EndTime "9:08:45 PDT"]
[Termination "j_coca won by checkmate"]

1. e4 g6 2. d4 Bg7 3. Nf3 d6 4.
h3 Nh6 5. Bd3 f6 6. O-O O-O 7.
e5 Nc6 8. Re1 Nf5 9. e6 Nfxd4 10. Nxd4 Nxd4 11. Bxg6 Nxe6 12. Bf5 Nc5 13. Bxc8 Rxc8 14.
b4 Nd7 15. Qd5+ Kh8 16. Qxb7 e5 17. Qxa7 Nb6 18. Nd2 f5 19. Bb2 Rf7 20. a4 Nd5 21. Qb7 Nf4 22. Nf3 Qf8 23. a5 Re7 24. a6 c5 25. Qb5 e4 26. Bxg7+ Rxg7 27. Nh4 Qf6 28. Qb7 Rcg8 29. Qxg7+ Qxg7 30. g3 Nxh3+ 31. Kg2 Nxf2 32. Nxf5 Qg4 33. a7 Qf3+ 34. Kh2 Ng4+ 35. Kh3 Qxf5 36. a8=Q Ne3+ 37. Kh2 Qf2+ 38. Kh3 Qg2+ 39. Kh4 Qh2# 0-1

[Event "Early-Titled-Tuesday-Blitz-July-09-2024"]
[Site "Chess.com"]
[Date "2024.07.09"]
[Round "6"]
[White "Fandorine"]
[Black "FARIZA2018"]
[Result "1-0"]
[WhiteElo "2912"]
[BlackElo "2630"]
[TimeControl "180+1"]
[EndTime "9:08:47 PDT"]
[Termination "Fandorine won by resignation"]

1. c4 e6 2. g3 d5 3. Bg2 dxc4 4.
Qa4+ Nd7 5. Qxc4 a6 6. Qc2 c5 7. a4 Ngf6 8. a5 Rb8 9. Nf3 b6 10. axb6 Nxb6 11. O-O Be7 12. d3 Bb7 13. Bd2 O-O 14. Ba5 Qd6 15. Nbd2 Nbd5 16. Nc4 Qd7 17. Nfe5 Qb5 18. Qa4 Rfc8 19. Rfc1 Bc6 20. Nxc6 Rxc6 21. Be1 Nd7 22. Ra2 Bf6 23. e4 N5b6 24. Qxa6 Qxa6 25.
Rxa6 Rcc8 26. Nd6 Rd8 27. Ba5 Rf8 28. b3 Nc8 29. Nxc8 Rfxc8 30. b4 Bd4 31. Bf1 e5 32. Bh3 Rb7 33. bxc5 Rxc5 34. Rxc5 Bxc5 35. Bxd7 Rxd7 36. Ra8+ Bf8 37. Bb4 1-0

[Event "Early-Titled-Tuesday-Blitz-July-09-2024"]
[Site "Chess.com"]
[Date "2024.07.09"]
[Round "6"]
[White "Mysterio47"]
[Black "Flaccidmoves"]
[Result "1-0"]
[WhiteElo "2755"]
[BlackElo "2582"]
[TimeControl "180+1"]
[EndTime "9:08:47 PDT"]
[Termination "Mysterio47 won by resignation"]

1. e4 e6 2. d4 d5 3. e5 c5 4. c3 Nc6 5. Nf3 Bd7 6. Be2 Nh6 7.
Bxh6 gxh6 8. O-O Bg7 9. Na3 O-O 10.
Qd2 cxd4 11. cxd4 f6 12. Bb5 fxe5 13. Bxc6 Bxc6 14. Nxe5 Bxe5 15. dxe5 Qg5 16. f4 Qg6 17. Nc2 d4 18. Nxd4 Rad8 19. Nxc6 Rxd2 20. Ne7+ Kf7 21. Nxg6 hxg6 22. Rf2 Rxf2 23. Kxf2 Rc8 24. Re1 g5 25. fxg5 hxg5 26. Kf3 Kg6 27. Re2 Rc4 28. h3 Kf5 29.
g4+ Kg6 30. Rd2 Rf4+ 31. Ke3 Rb4 32. b3 Rb5 33. Ke4 Ra5 34. Rd6 Rxa2 35. Rxe6+ Kf7 36. Rf6+ Kg7 37. Kf5 Rb2 38. Kxg5 Rxb3 39. h4 a5 40. h5 a4 41. h6+ Kg8 42. Kg6 Rh3 43. e6 1-0

[Event "Early-Titled-Tuesday-Blitz-July-09-2024"]
[Site "Chess.com"]
[Date "2024.07.09"]
[Round "6"]
[White "maracayo"]
[Black "theoneandonlydaaevik"]
[Result "1-0"]
[WhiteElo "2438"]
[BlackElo "2618"]
[TimeControl "180+1"]
[EndTime "9:08:47 PDT"]
[Termination "maracayo won by checkmate"]

1. e4 c6 2. Nf3 d5 3. d3 dxe4 4. dxe4 Qxd1+ 5. Kxd1 Nf6 6. Bd3 Bg4 7. Ke2 Nbd7 8. Be3 e5 9. Nd2 h6 10. h3 Be6 11. a4 a5 12. Rhd1 Bd6 13. Bc4 Ke7 14.
Bxe6 Kxe6 15. Nc4 Bc7 16. Nfd2 b5 17. Na3 Rhb8 18. f3 Bd6 19. axb5 cxb5 20. c4 Bxa3 21. Rxa3 bxc4 22. Nxc4 Rb4 23. Rd6+ Ke7 24. Rc6 a4 25. Kd1 Ne8 26. Kc1 f6 27. Rc3 Rb3 28. Rxb3 axb3 29. Kd2 Ra1 30. Kc3 Re1 31. Kxb3 Re2 32. Bd2 Rxg2 33. Bb4+ Kd8 34. Na5 Rf2 35. Nb7# 1-0

[Event "Early-Titled-Tuesday-Blitz-July-09-2024"]
[Site "Chess.com"]
[Date "2024.07.09"]
[Round "6"]
[White "MagnusCarlsen"]
[Black "artin10862"]
[Result "1-0"]
[WhiteElo "3186"]
[BlackElo "2953"]
[TimeControl "180+1"]
[EndTime "9:08:48 PDT"]
[Termination "MagnusCarlsen won by resignation"]

1. e4 c5 2. Nf3 e6 3. Bd3 Nc6 4.
O-O g5 5. Bb5 g4 6. Ne1 Nd4 7.
Bd3 h5 8. c3 Nc6 9. Bb5 Qb6 10.
a4 a6 11. Bxc6 Qxc6 12. d4 Qxe4 13. Nd3 cxd4 14. Re1 Qc6 15. cxd4 Nf6 16. Nc3 Nd5 17. Ne5 Nxc3 18. bxc3 Qxc3 19. Bg5 d6 20. Rc1 Qa5 21. Bd2 Qd8 22. Nc4 b5 23. Ba5 Qg5 24. Nb6 Bh6 25. Rxc8+ Rxc8 26. Nxc8 O-O 27. Nxd6 Qd5 28. Ne4 Bg7 29.
axb5 axb5 30. Bb4 Rd8 31. Be7 Rd7 32. Nf6+ Bxf6 33. Bxf6 Qf5 34. Be5 f6 35. Qc1 Kf7 36. Qc6 Rd5 37. Bg3 Rxd4 38. Qc7+ Kg6 39. Qe7 e5 40. Qe8+ Kg5 41. Qg8+ Kh6 42. Bh4 b4 43. Rc1 b3 44. Qxb3 Kg6 45. Qg8+ Kh6 46. Qf7 Rd6 47. Qf8+ 1-0

[Event "Early-Titled-Tuesday-Blitz-July-09-2024"]
[Site "Chess.com"]
[Date "2024.07.09"]
[Round "6"]
[White "SuperPower2011"]
[Black "IC3S2"]
[Result "1-0"]
[WhiteElo "2729"]
[BlackElo "2544"]
[TimeControl "180+1"]
[EndTime "9:08:48 PDT"]
[Termination "SuperPower2011 won on time"]

1. Nf3 d5 2. b3 c5 3. Bb2 Nc6 4. e3 f6 5. d4 Bg4 6. Be2 e6 7. O-O Bd6 8. dxc5 Bxc5 9. c4 Nge7 10. cxd5 exd5 11. Nc3 O-O 12. Rc1 Bb6 13. Nb5 Be6 14. Nbd4 Bf7 15. Qd2 Re8 16. Rfd1 Rc8 17. Nb5 a6 18.
Nc3 Rc7 19. Na4 Rd7 20. Nxb6 Qxb6 21. Nd4 Nxd4 22. Bxd4 Qd8 23. Bg4 Rd6 24. Bc5 Rc6 25. Bf3 h6 26. Rc3 Qc8 27. Bb4 Rxc3 28. Bxc3 Rd8 29.
Ba5 Rd6 30. Bb4 Rd7 31. Bg4 f5 32. Bf3 Qd8 33. Bc3 Nc6 34. Bb2 Be6 35. g3 Qb6 36. Qc3 Qb4 37. Qc1 g5 38. Ba1 Qe7 39. Qc3 Qh7 40. Qf6 1-0